Match 38815877
Unlisted

Match 38815877
End
Engineer Squad
Construct Weapon Support Center
Selects Armored Battlegroup
Selects Assault Engineers
M1919 Machine Gun Team
Assault Engineer Squad
Air Support Center
M1919 Machine Gun Team
Grasshopper Recon Run
P-47 Strafing Run
M3 Armored Personnel Carrier
Assault Engineer Squad
Air Supply
Grasshopper Recon Run
P-47 Dive Bomb
M3 Armored Personnel Carrier
Selects Strength in Steel
P-47 Strafing Run
Grasshopper Recon Run
P-47 Strafing Run
M1919 Machine Gun Team
P-47 Dive Bomb
Double Sortie
Grasshopper Recon Run
P-47 Strafing Run
P-47 Dive Bomb
Selects M8 Scott SPG
Selects UNKNOWN (2160077)
M8 Scott SPG
Air Supremacy
Grasshopper Recon Run
P-47 Strafing Run
M8 Scott SPG
P-47 Strafing Run
Honey
FlankMasterFlex
Zebra
KT6790
Groźny Shingo
Artur
Troll_Prezes
Dejw1d
0
0

Comments sign in to comment!

No comments posted yet!